 Dungeon Crawl Stone Soup version 0.30.1-11-g7821555f0a (webtiles) character file.

Game seed: 9903391657908879640

249 KittyFluff the Cudgeller (level 6, -1/57 HPs)
             Began as a Gargoyle Berserker on Nov 1, 2023.
             Was a Believer of Trog.
             Killed by divine providence
             ... invoked by an orc priest
              (9 damage)
             ... on level 4 of the Dungeon.
             The game lasted 00:10:35 (2699 turns).

KittyFluff the Cudgeller (Gargoyle Berserker)       Turns: 2699, Time: 00:10:35

Health: -1/57      AC: 10    Str: 22    XL:     6   Next: 12%
Magic:  6/6        EV: 17    Int:  8    God:    Trog [**....]
Gold:   141        SH:  0    Dex:  9    Spells: 5/5 levels left

rFire   . . .        a - +0 mace
rCold   . . .        (no shield)
rNeg    + . .        v - +0 leather armour
rPois   ∞            s - +0 helmet
rElec   +            (no cloak)
rCorr   .            o - +0 pair of gloves
SInv    .            (no boots)
Will    .....        (no amulet) Stlth
                     i - +5 ring of evasion
HPRegen 0.29/turn    (no ring)
MPRegen 0.10/turn

%: no passive effects
@: berserking, very quick
A: sickness immunity, AC +4, negative energy resistance 1, electricity
resistance, torment resistance 1, petrification resistance
a: Renounce Religion, Berserk, Trog's Hand


You were on level 4 of the Dungeon.
You worshipped Trog.
Trog was pleased with you.
You visited 1 branch of the dungeon, and saw 4 of its levels.

You collected 141 gold pieces.

Inventory:

Hand Weapons
 a - a +0 mace (weapon)
 q - a +0 morningstar
Missiles
 l - 9 poisoned darts
 m - 12 boomerangs (quivered)
 p - a silver boomerang
 r - 2 javelins
Armour
 o - a +0 pair of gloves (worn)
 s - a +0 helmet (worn)
 v - a +0 leather armour (worn)
Jewellery
 i - a +5 ring of evasion (left hand)
 j - an amulet of faith
Wands
 x - a wand of roots (9)
 y - a wand of flame (20)
Scrolls
 d - 2 scrolls of teleportation {unknown}
 f - a scroll of poison {unknown}
 k - a scroll of enchant weapon {unknown}
 n - 2 scrolls of summoning {unknown}
 t - a scroll of vulnerability {unknown}
 u - a scroll of noise {unknown}
 w - a scroll of torment {unknown}
Potions
 b - a potion of degeneration {unknown}
 c - 5 potions of curing
 e - a potion of mutation
 g - 2 potions of cancellation
 h - 2 potions of might {unknown}


   Skills:
 + Level 4.2 Fighting
 * Level 4.5 Maces & Flails
 * Level 4.3 Armour
 + Level 2.4 Dodging


You had 5 spell levels left.
You didn't know any spells.
Your spell library was empty.

Dungeon Overview and Level Annotations

Branches:
Dungeon (4/15)             Temple (0/1) D:4

Altars:


Innate Abilities, Weirdness & Mutations

You are immune to sickness and miasma.
Your stone body is resilient. (AC +4)
You are immune to poison.
You resist negative energy. (rN+)
You are resistant to electric shocks. (rElec)
You are resistant to unholy torment.
You are immune to petrification.


Message History

The orc priest is moderately wounded.
The orc priest barely misses you.
The orc priest begins to cast a cantrip, but forgets the words!
The orc priest closely misses you.
You closely miss the orc priest.
The orc priest is moderately wounded.
The orc priest misses you.
You hit the orc priest but do no damage.
The orc priest is moderately wounded.
The orc priest completely misses you.
You closely miss the orc priest.
The orc priest is moderately wounded.
The orc priest hits you with a +0 mace.
You hit the orc priest.
The orc priest is heavily wounded.
The orc priest barely misses you.
You hit the orc priest but do no damage.
The orc priest is heavily wounded.
The orc priest completely misses you.
The orc priest calls upon Beogh to heal the orc priest.
The orc priest is healed somewhat.
The orc priest completely misses you.
You barely miss the orc priest.
The orc priest is lightly wounded.
The orc priest misses you.
You barely miss the orc priest.
The orc priest is lightly wounded.
The orc priest hits you with a +0 mace.
The orc priest invokes the aid of Beogh against you.
Beogh smites you!
You hit the orc priest.
The orc priest is moderately wounded.
The orc priest closely misses you.
The orc priest invokes the aid of Beogh against you.
Beogh smites you!
* * * LOW HITPOINT WARNING * * *
A red film seems to cover your vision as you go berserk!
You feel yourself moving faster!
You feel mighty!
The orc priest calls down the wrath of Beogh upon you.
Beogh smites you!
You die...

#....## #.#### #.#
#.# ##.## #...# #...#
######...########
#####ooo@...........#
#.....####...######.#
#...### ##.## #.#
#... ####...# #.# #.o
#...<#.# #.# #..
#.##)..# #.# #.
#.###### #.# #. #.#
#.# #.# #.#


You could see 2 orc priests and an orc.

Vanquished Creatures
  Jessica (D:3)
  Natasha (thrice) (D:3)
  Terence (D:2)
  Robin (D:2)
  4 adders
  A dart slug (D:1)
  2 orcs
  6 ball pythons
  8 endoplasms
  A giant cockroach (D:2)
  13 goblins
  8 hobgoblins
  4 jackals (D:1)
  6 bats
  6 frilled lizards
  6 kobolds
  4 rats
75 creatures vanquished.

Notes
Turn   | Place    | Note
-------+----------+-------------------------------------------
     0 | D:1      | KittyFluff the Gargoyle Berserker began the quest for the
                  | Orb.
     0 | D:1      | Reached XP level 1. HP: 14/14 MP: 1/1
   166 | D:1      | Reached XP level 2. HP: 13/19 MP: 2/2
   487 | D:1      | Reached XP level 3. HP: 23/23 MP: 3/3
   661 | D:2      | Noticed Terence
   676 | D:2      | Killed Terence
   879 | D:2      | Reached XP level 4. HP: 29/29 MP: 4/4
   888 | D:2      | Reached ** piety under Trog
   926 | D:2      | Noticed Robin
   966 | D:2      | Killed Robin
  1332 | D:3      | Noticed Natasha
  1348 | D:3      | Killed Natasha
  1349 | D:3      | Reached XP level 5. HP: 20/33 MP: 5/5
  2097 | D:3      | Noticed Natasha
  2109 | D:3      | Killed Natasha
  2349 | D:3      | Noticed Natasha
  2360 | D:3      | Killed Natasha
  2478 | D:3      | Noticed Jessica
  2483 | D:3      | Killed Jessica
  2484 | D:3      | Reached XP level 6. HP: 38/38 MP: 6/6
  2641 | D:4      | Found a staircase to the Ecumenical Temple.
  2699 | D:4      | Killed from afar by an orc priest

Illustrated notes

Levels and vault maps discovered:
D:1:      spicycebolla_arrival_ecumenical, layout_rooms, minmay_tall_x
D:2:      layout_rooms, minmay_tetromino_s2, uniq_robin, uniq_terence
D:3:      layout_basic, uniq_natasha, uniq_jessica
D:4:      minmay_opposing_rooms, layout_loops_ring, lemuel_temple_firewalk_b,
          minmay_snake_closets

Skill      XL: |  1  2  3  4  5 |
---------------+----------------+-----
Armour         | 3 4 |  4.3
Dodging        | 2 |  2.4
Maces & Flails | 4 |  4.5
Fighting       | 4 |  4.2

Action                     |  1- 3 |  4- 6 || total
---------------------------+-------+-------++-------
  Melee: Mace              |    96 |   164 ||   260
         Punch             |     1 |     3 ||     4
 Invoke: Berserk           |       |     2 ||     2
    Use: Scroll            |       |     4 ||     4
 Armour: Animal skin       |    32 |    38 ||    70
         Leather armour    |       |    19 ||    19
  Dodge: Dodged            |   112 |   197 ||   309
